 Dungeon Crawl Stone Soup version 0.29.0-11-gd7f09526c8 (webtiles) character file.

Game seed: 2089618006708983116

576 Arcadio the Trooper (level 7, -3/56 (58) HPs)
             Began as a Palentonga Fighter on Sept 6, 2022.
             Slain by Blork the orc
             ... wielding a +0 long sword
              (5 damage)
             ... on level 4 of the Dungeon.
             The game lasted 00:06:21 (4867 turns).

Arcadio the Trooper (Palentonga Fighter)            Turns: 4867, Time: 00:06:22

HP:   -3/56 (58)    AC: 21    Str: 24    XL:     7   Next: 12%
MP:   7/7           EV:  7    Int:  8    God:
Gold: 262           SH:  4    Dex:  9    Spells: 6/6 levels left

rFire   . . .      SeeInvis +   a - +0 war axe
rCold   . . .      Faith    .   c - +0 buckler
rNeg    . . .      Spirit   .   b - +0 scale mail
rPois   .          Reflect  .   u - +2 helmet
rElec   .          Harm     .   (no cloak)
rCorr   .          Rampage  .   (no gloves)
Will    .....                   (no barding)
Stlth   ..........              (no amulet)
HPRegen 0.18/turn               C - +4 ring of protection
MPRegen 0.10/turn               (no ring)

@: lightly drained, curled up
A: large, rugged brown scales 3, see invisible, deformed body, roll 1, armoured
tail, reflexive curl
a: Rolling Charge


You were on level 4 of the Dungeon.
You visited 1 branch of the dungeon, and saw 4 of its levels.

You collected 262 gold pieces.

Inventory:

Hand Weapons
 a - a +0 war axe (weapon)
 x - a +0 flail
 A - the +1 flail "Feemoe" {distort, *Corrode Str+3 Int+4 Dex+9}
   (You found it on level 3 of the Dungeon)

   It warps and distorts space around it, and may blink, banish, or inflict
   extra damage upon those it strikes.
   Unwielding it can cause banishment or high damage.
   Str:       It affects your strength (+3).
   Int:       It affects your intelligence (+4).
   Dex:       It affects your dexterity (+9).
   *Corrode:  It may corrode you when you take damage.
 D - a +2 flail
 E - a +5 halberd
Armour
 b - a +0 scale mail (worn)
 c - a +0 buckler (worn)
 u - a +2 helmet (worn)
Jewellery
 B - a ring of fire
 C - a +4 ring of protection (left hand)
Wands
 J - a wand of iceblast (7)
Scrolls
 e - a scroll of fear {unknown}
 f - a scroll of acquirement {unknown}
 g - 2 scrolls of identify {unknown}
 l - 2 scrolls of enchant weapon {unknown}
 m - a scroll of blinking {unknown}
 o - a scroll of fog {unknown}
 r - 4 scrolls of noise {unknown}
 s - a scroll of magic mapping {unknown}
 v - a scroll of immolation {unknown}
 w - a scroll of poison {unknown}
 y - a scroll of amnesia {unknown}
 z - 2 scrolls of teleportation {unknown}
 G - a scroll of enchant armour {unknown}
 H - a scroll of silence {unknown}
Potions
 d - 2 potions of might
 h - a potion of degeneration {unknown}
 i - 2 potions of attraction {unknown}
 j - 2 potions of mutation {unknown}
 k - a potion of haste {unknown}
 n - a potion of cancellation {unknown}
 p - 5 potions of lignification {unknown}
 q - 3 potions of curing
 t - a potion of flight {unknown}
 F - a potion of magic {unknown}
 I - a potion of berserk rage {unknown}


   Skills:
 + Level 4.8 Fighting
 + Level 4.2 Axes
 + Level 4.0 Armour
 + Level 4.3 Shields


You had 6 spell levels left.
You didn't know any spells.
Your spell library contained the following spells:

 Spells                   Type           Power      Damage    Failure   Level
 Apportation              Tloc           0%         N/A       77%         1
 Necrotise                Necr           0%         1d4       77%         1
 Sting                    Tmut/Pois      0%         1d3       77%         1
 Summon Small Mammal      Summ           0%         N/A       77%         1
 Poisonous Vapours        Pois/Air       0%         N/A       88%         2
 Inner Flame              Hex/Fire       0%         N/A       98%         3
 Cause Fear               Hex            0%         N/A       100%        4
 Olgreb's Toxic Radiance  Pois           0%         N/A       100%        4
 Discord                  Hex            0%         N/A       100%        8


Dungeon Overview and Level Annotations

Branches:
Dungeon (4/15) Zot: 19031
 Temple: D:4-7

Altars:
Cheibriados
Makhleb

Shops:
D:2 =

Annotations:
D:4 Blork the orc, Sigmund


Innate Abilities, Weirdness & Mutations

You are completely covered in rugged brown scales. (AC +3, +7% HP)
You have supernaturally acute eyesight. (SInv)
Armour fits poorly on your strangely shaped body.
You can roll at nearby foes to attack.
You have a long armoured tail.
You curl defensively after being hit. (AC +7*)


Message History

Blork the orc casts a spell at you.
The puff of frost hits you but does no damage.
Blork the orc looks satisfied for a moment.
You completely miss Blork the orc. Blork the orc casts a spell at you.
The puff of frost misses you.
You slash Blork the orc!
Blork the orc is heavily wounded.
Blork the orc drinks a potion.
Blork the orc is healed!
You closely miss Blork the orc.
Blork the orc is moderately wounded.
Blork the orc gestures at you while chanting.
The magic dart hits you!
Blork the orc hits you with a +0 long sword.
You slash Blork the orc!
Blork the orc is heavily wounded.
Blork the orc hits you with a +0 long sword.
You hit Blork the orc.
Blork the orc is severely wounded.
Blork the orc barely misses you.
You hit Blork the orc. You tail-slap Blork the orc.
Blork the orc is almost dead.
Blork the orc gestures wildly while chanting.
Blork the orc seems to speed up.
Blork the orc hits you with a +0 long sword.
You hit Blork the orc but do no damage.
Blork the orc is almost dead.
Blork the orc hits you with a +0 long sword. x2
You barely miss Blork the orc.
Blork the orc is almost dead.
Blork the orc hits you with a +0 long sword.
* * * LOW HITPOINT WARNING * * *
Blork the orc hits you with a +0 long sword.
* * * LOW HITPOINT WARNING * * *
You barely miss Blork the orc.
Blork the orc is almost dead.
Blork the orc hits you with a +0 long sword!
* * * LOW HITPOINT WARNING * * *
Blork the orc hits you with a +0 long sword.
You die...

........#......#.....# #.#
#########.######.....# #.#
#........#'#.# #.# #
##########.#.######.# #
#.#......[...# # ####
#.#..#####.#.# ### .....
..#..#.....#.# ..#
......#####..#...#.#.# #.#
.|.....@.....#.##..#.# ..#
####+#o####........#.# ..##
### #. ####.#...#.### ...#
#.. #.#######.#.#...##. .#.#
#.# #.#.......))#<..[.. .#.#
#.# #.#.###<....#####..
.#.#####.#
#.#.###...#.....#..
.#.....#.###
#.#.##....#####.#..
.#####.....####.#.##.#......#
#..


You could see Blork the orc (fast).

Vanquished Creatures
  A black bear (D:4)
  4 wights
  A howler monkey (D:4)
  An orc priest (D:3)
  An iguana (D:4)
  An orc wizard (D:3)
  Robin (D:4)
  5 adders
  2 worms
  3 dart slugs
  6 orcs
  10 endoplasms
  3 giant cockroaches
  10 goblins
  10 hobgoblins
  7 kobolds
  2 quokkas
  7 ball pythons
  9 bats
  2 frilled lizards (D:1)
  6 rats
92 creatures vanquished.

Notes
Turn   | Place    | Note
-------+----------+-------------------------------------------
     0 | D:1      | Arcadio the Palentonga Fighter began the quest for the Orb.
     0 | D:1      | Reached XP level 1. HP: 19/19 MP: 1/1
   160 | D:1      | Reached XP level 2. HP: 25/25 MP: 2/2
   794 | D:1      | Reached XP level 3. HP: 28/31 MP: 3/3
  1440 | D:2      | Found a burning altar of Makhleb.
  1649 | D:2      | Reached XP level 4. HP: 37/37 MP: 4/4
  1814 | D:2      | Found Keefit's Jewellery Shop.
  1868 | D:2      | Found a faded altar of an unknown god.
  2295 | D:3      | Identified the +5 dagger of the Assorted Knaves {elec, rF+
                  | Dex+5}
  2661 | D:3      | Reached XP level 5. HP: 34/44 MP: 5/5
  2741 | D:3      | Identified the +1 flail "Feemoe" {distort, *Corrode Str+3
                  | Int+4 Dex+9}
  2990 | D:4      | Found a snail-covered altar of Cheibriados.
  2996 | D:4      | Noticed a black bear
  3002 | D:4      | Killed a black bear
  3015 | D:4      | Reached XP level 6. HP: 26/51 MP: 6/6
  4277 | D:4      | Noticed Sigmund
  4524 | D:4      | Gained mutation: You curl defensively after being hit. (AC
                  | +7*) [Palentonga growth]
  4524 | D:4      | Reached XP level 7. HP: 55/56 MP: 7/7
  4607 | D:4      | Identified the +7 quarterstaff "Jucriag" {vamp, rPois Str+6
                  | Stlth-}
  4712 | D:4      | Noticed Robin
  4723 | D:4      | Killed Robin
  4856 | D:4      | Noticed Blork the orc
  4867 | D:4      | HP: 2/56 [Blork the orc/+0 long sword (8)]
  4867 | D:4      | Slain by Blork the orc

Illustrated notes

Levels and vault maps discovered:
D:1:      minmay_arrival_pointy, layout_loops_ring, minmay_misc_feat_chi,
          minmay_indecisive_spiral
D:2:      layout_loops_ring, serial_shops, shop_fountains, basic_altar,
          basic_ecumenical_altar, minmay_misc_feat_enclosed, minivault_14,
          minmay_pentomino_s4
D:3:      layout_loops_ring
D:4:      layout_basic, mainiacjoe_overflow_tiny_flanked, uniq_blork_the_orc,
          uniq_sigmund, uniq_robin

Skill      XL: |  1  2  3  4  5  6  7 |
---------------+----------------------+-----
Shields        | 3 4 |  4.3
Armour         | 3 4 |  4.0
Axes           | 3 4 |  4.2
Fighting       | 4 |  4.8

Action                   |  1- 3 |  4- 6 |  7- 9 || total
-------------------------+-------+-------+-------++-------
Melee: War axe           |   116 |   125 |    35 ||   276
       Tailslap          |     7 |    13 |     4 ||    24
 Abil: Rolling Charge    |     2 |     2 |       ||     4
Armor: Scale mail        |    67 |    86 |    13 ||   166
Dodge: Dodged            |    46 |    47 |     8 ||   101
Block: Buckler           |    22 |    32 |     4 ||    58
